 Dungeon Crawl Stone Soup version 0.17.0-15-g6d90897 (webtiles) character file.

203 4thArraOfDagon the Cudgeler (level 5, 1/54 HPs)
             Began as an Ogre Gladiator on Nov 10, 2015.
             Was an Initiate of the Shining One.
             Quit the game on level 9 of the Dungeon.
             The game lasted 00:05:35 (1211 turns).

4thArraOfDagon the Cudgeler (Ogre Gladiator)        Turns: 1211, Time: 00:05:35

Health: 1/54       AC:  3    Str: 20      XL:     5   Next: 81%
Magic:  5/5        EV: 11    Int:  8      God:    the Shining One [......]
Gold:   92         SH:  0    Dex: 11 (13) Spells: 0 memorised, 4 levels left

rFire  . . .     SeeInvis .     a - +1 flail
rCold  . . .     Clarity  .     b - +0 robe
rNeg   . . .     SustAt   .     (no shield)
rPois  .         Gourm    .     c - +0 hat
rElec  .         Spirit   .     (no cloak)
rCorr  .         Warding  .     (gloves unavailable)
rMut   .         Stasis   .     (boots unavailable)
MR     .....                    (no amulet)
Stlth  +.........               (no ring)
                                h - +3 ring of dexterity

@: lethally poisoned (1 -> -8), very slightly contaminated, hasted, very quick,
not resistant to hostile enchantments, very unstealthy
A: unfitting armour, spit poison 1, tough skin 1
a: Spit Poison, Renounce Religion


You were on level 9 of the Dungeon.
You worshipped the Shining One.
The Shining One was noncommittal.
You were not hungry.

You visited 2 branches of the dungeon, and saw 10 of its levels.

You collected 92 gold pieces.

Inventory:

Hand Weapons
 a - a +1 flail (weapon)
 m - a cursed -1 trident
Missiles
 d - 3 throwing nets (quivered)
 k - 5 tomahawks of returning
Armour
 b - a +0 robe (worn)
 c - a +0 hat (worn)
Jewellery
 h - a +3 ring of dexterity (left hand)
Wands
 l - a wand of slowing (42)
Scrolls
 g - a scroll of enchant weapon
 j - a scroll of magic mapping
 p - a scroll of remove curse
Comestibles
 e - 4 bread rations
 n - a slice of pizza


   Skills:
 + Level 4.2 Fighting
 * Level 6.7 Maces & Flails
 - Level 2.0 Throwing
 + Level 3.5 Dodging


You had 4 spell levels left.
You didn't know any spells.

Dungeon Overview and Level Annotations

Branches:
Dungeon (9/15)             Temple (1/1) D:7
   Lair: D:8-11         Orc: D:9-12

Altars:
Dithmenos
Elyvilon
Fedhas
Gozag
Nemelex Xobeh
Okawaru
Qazlal
Ru
Sif Muna
Trog
Vehumet
Yredelemnul
Zin
The Shining One

Annotations:
D:2 Natasha
D:7 Prince Ribbit
D:8 Erica


Innate Abilities, Weirdness & Mutations

You are too large for most types of armour.
You have tough skin (AC +1).
You can spit weak poison.


Message History

There is a nasty taste in your mouth for a moment.
You feel fantastic!
* * * LOW HITPOINT WARNING * * *
You feel sick. The jelly hits you but does no damage.
Unknown command.
Enter note: aahhh
* * * LOW HITPOINT WARNING * * *
You feel sick.
Unknown command.
Unknown command.
* * * LOW HITPOINT WARNING * * *
You feel sick.
The jelly jiggles.
Unknown command.
* * * LOW HITPOINT WARNING * * *
You feel sick.
Found a scroll labeled YPHIETA ALOM.
Unknown command.
A water moccasin skeleton comes into view.
Are you sure you want to abandon this character and quit the game? (Confirm with "yes".)

...# ......#..#
.Z..... ..## .#
.....?.###..## ...#
........# #..##...#
........####<....##
........#.J.........
........#.#####.####
.......@..# #
.....###..# ### #..#
#..# #... ##.## #.#
.#


You could see a jelly and a water moccasin skeleton.

Vanquished Creatures
  A giant frog zombie (D:8)
  A jelly (D:8)
  A giant frog skeleton (D:6)
  Natasha (D:2)
  A worker ant (D:6)
  3 adders
  A worm (D:2)
  7 orcs
  A ball python (D:2)
  5 bats
  3 hobgoblins (D:2)
  2 quokkas
  A giant cockroach (D:4)
  A giant newt (D:2)
  4 goblins
  A jackal zombie (D:6)
  A kobold (D:2)
  3 rats
38 creatures vanquished.

Notes
Turn   | Place    | Note
--------------------------------------------------------------
     0 | D:1      | 4thArraOfDagon the Ogre Gladiator began the quest for the Orb.
     0 | D:1      | Reached XP level 1. HP: 22/22 MP: 1/1
    58 | D:2      | Found an opulent altar of Gozag.
   104 | D:2      | Reached XP level 2. HP: 25/31 MP: 2/2
   127 | D:2      | Noticed Natasha
   139 | D:2      | Killed Natasha
   139 | D:2      | Reached skill level 5 in Maces & Flails
   139 | D:2      | Reached XP level 3. HP: 32/37 MP: 3/3
   234 | D:2      | Noticed Natasha
   237 | D:2      | Reached XP level 4. HP: 10/45 MP: 4/4
   570 | D:5      | Entered Level 5 of the Dungeon
   734 | D:6      | Reached skill level 6 in Maces & Flails
   734 | D:6      | Reached XP level 5. HP: 39/54 MP: 5/5
   760 | D:6      | Found an iron altar of Okawaru.
   803 | D:6      | Noticed a phantom
  1003 | D:7      | Found a staircase to the Ecumenical Temple.
  1012 | Temple   | Entered the Ecumenical Temple
  1054 | Temple   | Became a worshipper of the Shining One
  1084 | D:7      | Noticed Prince Ribbit
  1146 | D:8      | Noticed a hippogriff
  1181 | D:8      | Noticed Erica
  1184 | D:8      | The Shining One protects you from harm!
  1200 | D:8      | Noticed an orc warrior
  1205 | D:9      | Gained mutation: You can spit weak poison. [potion of beneficial mutation]
  1206 | D:9      | aahhh
  1208 | D:9      | HP: 2/54 [poison (a potion of poison)]
  1211 | D:9      | Quit the game

Action                   |  1- 3 |  4- 6 || total
-------------------------+-------+-------++-------
Melee: Flail             |    50 |    74 ||   124
Throw: Throwing net      |     6 |     1 ||     7
Evoke: Wand              |       |     1 ||     1
  Use: Potion            |       |     4 ||     4
       Scroll            |       |     5 ||     5
 Stab: Held in net/web   |     1 |       ||     1
  Eat: Chunk             |       |     1 ||     1
